 Dungeon Crawl Stone Soup version 0.17-a0-1636-g3119f2b (webtiles) character file.

61 mrath the Cudgeler (level 3, 0/36 HPs)
             Began as a Troll Fighter on Aug 6, 2015.
             Slain by a gnoll
             ... wielding a +0 spear
              (5 damage)
             ... on level 3 of the Dungeon.
             The game lasted 00:14:43 (1607 turns).

mrath the Cudgeler (Troll Fighter)                  Turns: 1607, Time: 00:14:43

Health: 0/36       AC:  5    Str: 25    XL:     3   Next: 83%
Magic:  2/2        EV:  8    Int:  4    God:
Gold:   85         SH:  9    Dex:  9    Spells: 0 memorised, 2 levels left

rFire  . . .     SeeInvis .     a - +0 flail
rCold  . . .     Clarity  .     b - +0 robe
rNeg   . . .     SustAt   .     c - +1 shield
rPois  .         Gourm    +     (helmet restricted)
rElec  .         Spirit   .     (no cloak)
rCorr  .         Warding  .     (gloves unavailable)
rMut   .         Stasis   .     (boots unavailable)
MR     .....                    (no amulet)
Stlth  +.........               (no ring)
                                (no ring)

@: not resistant to hostile enchantments, very unstealthy
A: unfitting armour, claws 3, fast metabolism 3, gourmand, regeneration 2,
shaggy fur 1, tough skin 2
a: no special abilities


You were on level 3 of the Dungeon.
You were hungry.

You visited 1 branch of the dungeon, and saw 3 of its levels.

You collected 85 gold pieces.

Inventory:

Hand weapons
 a - a +0 flail (weapon)
 q - a +0 hunting sling
Missiles
 h - 87 stones (quivered)
 p - 9 poisoned needles
Armour
 b - a +0 robe (worn)
 c - a +1 shield (worn)
Jewellery
 i - a cursed amulet of inaccuracy {unknown}
 k - an uncursed ring of fire {unknown}
Scrolls
 f - a scroll of fog {unknown}
 g - a scroll of identify {unknown}
 l - 3 scrolls of remove curse
 m - a scroll of enchant armour
 s - a scroll of magic mapping {unknown}
 u - a scroll of teleportation {unknown}
Potions
 d - a potion of might
 n - a potion of degeneration {unknown}
 o - 2 potions of curing {unknown}
 t - a potion of lignification {unknown}
Comestibles
 e - 4 bread rations
 j - a slice of pizza


   Skills:
 - Level 2.4 Fighting
 + Level 3.7 Maces & Flails
 - Level 2.4 Dodging
 - Level 0.2 Stealth
 - Level 2.4 Shields


You had 2 spell levels left.
You didn't know any spells.

Dungeon Overview and Level Annotations

Branches:
Dungeon (3/15)

Altars:
Cheibriados
Dithmenos


Innate Abilities, Weirdness & Mutations

You are too large for most types of armour.
You have claws for hands.
Your metabolism is lightning-fast.
You like to eat raw meat.
You heal very quickly.
You are covered in fur (AC +1).
You have very tough skin (AC +2).


Message History

* * * LOW HITPOINT WARNING * * *
The gnoll hits you.
* * * LOW HITPOINT WARNING * * *
The gnoll closely misses you. You block the gnoll's attack.
The gnoll hits you but does no damage.
You are feeling hungry.
The gnoll hits you but does no damage. You block the gnoll's attack.
You barely miss the gnoll. The gnoll barely misses you.
You block the gnoll's attack. x2
Unknown command.
You sock the gnoll!
The gnoll is heavily wounded.
You block the gnoll's attack. x2
The gnoll hits you but does no damage. x2
The gnoll hits you.
* * * LOW HITPOINT WARNING * * *
Your shield prevents you from hitting the gnoll.
The gnoll is heavily wounded.
The gnoll hits you with a spear.
You die...

#.#########....#
#.# #.........#
#.# #.#.#####.#
#.##### #.#.) #
.# #.....#
#.#.##.# #####.#
#.#... #.###.#.#
#.....gg#
#####.#@# #.g.#
#####


You could see 3 gnolls.

Vanquished Creatures
  A gnoll (D:3)
  3 adders (D:2)
  An ooze (D:1)
  2 giant geckos
  3 bats
  A giant cockroach (D:1)
  4 hobgoblins
  A quokka (D:2)
  2 giant newts (D:2)
  3 kobolds (D:1)
  3 rats
  A bush (D:1)
25 creatures vanquished.

Notes
Turn   | Place    | Note
--------------------------------------------------------------
     0 | D:1      | mrath the Troll Fighter began the quest for the Orb.
     0 | D:1      | Reached XP level 1. HP: 22/22 MP: 0/0
   439 | D:1      | Reached XP level 2. HP: 29/29 MP: 1/1
   991 | D:2      | Reached skill level 3 in Maces & Flails
  1053 | D:2      | Reached XP level 3. HP: 36/36 MP: 2/2
  1106 | D:2      | Found a shadowy altar of Dithmenos.
  1558 | D:3      | Found a snail-covered altar of Cheibriados.
  1607 | D:3      | Slain by a gnoll

Vault maps used:
D:1:      minmay_arrival_solitary_statue, serial_forest,
          infiniplex_forest_clump_tiny, infiniplex_forest_split,
          infiniplex_forest_lined_3, infiniplex_forest_clump_tiny,
          infiniplex_forest_3_way, infiniplex_forest_corner_1
D:2:      grunt_dithmenos_smoke_and_mirrors, hangedman_decor_diamond_cutter
D:3:      minivault_26, cheibriados_altar_1, uniq_iyjb, uniq_crazy_yiuf_cottage,
          uniq_natasha

Action                   || total
-------------------------++-------
Melee: Flail             ||   156
  Use: Scroll            ||     3
  Eat: Chunk             ||    12
